 Dungeon Crawl Stone Soup version 0.29.0-4-gdea44cf6ec (webtiles) character file.

Game seed: 14825433014772869574

97 qw the Chopper (level 4, -5/26 HPs)
             Began as a Tengu Warper on Aug 28, 2022.
             Killed from afar by Natasha (6 damage)
             ... with a magic dart
             ... on level 2 of the Dungeon.
             The game lasted 00:00:11 (2318 turns).

qw the Chopper (Tengu Warper)                       Turns: 2318, Time: 00:00:11

Health: -5/26      AC:  6    Str: 13    XL:     4   Next: 68%
Magic:  8/8        EV:  9    Int: 13    God:
Gold:   61         SH:  0    Dex: 14    Spells: 7/7 levels left

rFire   . . .      SeeInvis .   Y - +0 hand axe (freeze)
rCold   . . .      Faith    .   (no shield)
rNeg    . . .      Spirit   .   i - +0 scale mail
rPois   .          Reflect  .   (helmet restricted)
rElec   .          Harm     .   (no cloak)
rCorr   .          Rampage  .   (no gloves)
Will    .....                   (boots unavailable)
Stlth   ..........              (no amulet)
HPRegen 0.08/turn               (no ring)
MPRegen 0.11/turn               (no ring)

@: no status effects
A: beak, talons 3
a: no special abilities


You were on level 2 of the Dungeon.
You visited 1 branch of the dungeon, and saw 2 of its levels.

You collected 61 gold pieces.


Innate Abilities, Weirdness & Mutations

You have a beak for a mouth.
You have claws for feet.


   Skills:
 - Level 2.0 Fighting
 + Level 5.2 Axes
 - Level 1.0 Throwing
 - Level 1.1 Armour
 - Level 2.1 Dodging
 - Level 2.0 Spellcasting
 - Level 2.4 Translocations


You had 7 spell levels left.
You didn't know any spells.
Your spell library contained the following spells:

 Spells                   Type           Power      Damage    Failure   Level
 Blink                    Tloc           14%        N/A       56%         2
 Gell's Gravitas          Tloc           7%         N/A       80%         3
 Lesser Beckoning         Tloc           7%         N/A       80%         3
 Teleport Other           Tloc           7%         N/A       80%         3
 Manifold Assault         Tloc           7%         N/A       100%        5

Inventory:

Hand Weapons
 b - a +0 whip
 Y - a +0 hand axe of freezing (weapon)
Armour
 i - a +0 scale mail (worn)
Scrolls
 c - a scroll of identify
Potions
 a - a potion of invisibility {unknown}
 f - a potion of flight {unknown}
 l - a potion of haste {unknown}

Dungeon Overview and Level Annotations

Branches:
Dungeon (2/15)

Altars:

Annotations:
D:2 Natasha


Message History

Natasha is lightly wounded.
Natasha claws you.
You hit Natasha. You freeze Natasha. You peck Natasha.
Natasha is heavily wounded.
Natasha claws you.
You hit Natasha. You freeze Natasha. You claw Natasha.
Natasha is almost dead.
Natasha barely misses you.
You hit Natasha. You freeze Natasha.
You kill Natasha!
Natasha screams in fury as she dies!
Your Axes skill increases to level 5!
You start resting.
Natasha, Servant of Life and Death comes into view.
Natasha moves out of view.
You start resting.
Natasha is nearby!
Natasha hisses angrily.
You barely miss Natasha. Your peck misses Natasha. Natasha claws you!
You closely miss Natasha. Your kick misses Natasha. Natasha claws you.
You hit Natasha but do no damage. Your kick misses Natasha. Natasha claws you.
You closely miss Natasha. Your kick misses Natasha. Natasha claws you.
You closely miss Natasha. You peck Natasha.
Natasha is lightly wounded.
Natasha claws you.
You hit Natasha. You freeze Natasha.
Natasha is heavily wounded.
Natasha barely misses you.
You barely miss Natasha. Your kick misses Natasha.
Natasha is heavily wounded.
Natasha completely misses you.
You closely miss Natasha. You peck Natasha.
Natasha is severely wounded.
Natasha stares at you and mumbles some strange words.
The magic dart hits you.
You die...

#....77).777.77...# #.# #
#...7.77777.777...#########.# #
#....7.77777777.............# #
#....7...7.# #..#############
#..........# ##.# ####
#..........####.# #...
#..........#....# #...
########...#...%############...
#######.#.h@................
#.......#....###########....
#.######.....'..#.....##)###
#.# #.....##.#.###.##.# #.#
#.....##.#.# #.##.# #.#
#.....##.#.# #.##.# #.#
#.....##.#.# #.##(# #.#
#.....##.#.# #.##.# #.#
#.####...#.# #.##.#


You could see Natasha.

Vanquished Creatures
  Natasha (twice) (D:2)
  2 worms (D:2)
  3 dart slugs
  An endoplasm (D:1)
  A giant cockroach (D:1)
  2 goblins
  7 hobgoblins
  2 kobolds (D:1)
  2 quokkas (D:1)
  3 ball pythons
  6 bats
  4 frilled lizards (D:1)
  A rat (D:1)
36 creatures vanquished.

Notes
Turn   | Place    | Note
-------+----------+-------------------------------------------
     0 | D:1      | qw the Tengu Warper began the quest for the Orb.
     0 | D:1      | Reached XP level 1. HP: 12/12 MP: 4/4
     0 | D:1      | 0 ||| qw: Version: 0.1-a-89-g26bdef1
     0 | D:1      | 0 ||| qw: Game counter: 2731
     0 | D:1      | 0 ||| qw: Always use a shield: true
     0 | D:1      | 0 ||| qw: God list: Okawaru
     0 | D:1      | 0 ||| qw: Allow faded altars: false
     0 | D:1      | 0 ||| qw: Do Orc after D:15 true
     0 | D:1      | 0 ||| qw: Do second Lair branch before Depths: true
     0 | D:1      | 0 ||| qw: Lair rune preference: random
     0 | D:1      | 0 ||| qw: Plans: Normal
     0 | D:1      | 0 ||| PLANNING D:1-11
   145 | D:1      | HP: 3/12 [hobgoblin/+0 dagger (3)]
   381 | D:1      | Reached skill level 3 in Axes
   381 | D:1      | Reached XP level 2. HP: 16/17 MP: 6/6
   834 | D:1      | 834 ||| Stepping ~*~*~tactically~*~*~ (stealth).
   926 | D:1      | 926 ||| Stepping ~*~*~tactically~*~*~ (hiding).
   929 | D:1      | Reached XP level 3. HP: 21/21 MP: 7/7
   930 | D:1      | 930 ||| Stepping ~*~*~tactically~*~*~ (hiding).
  1137 | D:1      | 1137 ||| DROPPING scarf of invisibility.
  1138 | D:1      | 1138 ||| UPGRADING to +0 scale mail.
  1148 | D:1      | 1148 ||| DROPPING +0 leather armour.
  1149 | D:1      | 1149 ||| READING 2 scrolls labelled HURRO DIANNUG.
  1154 | D:1      | 1154 ||| READING scroll labelled QATEUSK YQAWN.
  1155 | D:1      | 1155 ||| READING scroll labelled GEOLI ZESIAMI.
  1156 | D:1      | 1156 ||| READING scroll labelled DEUZIM COSUONET.
  1157 | D:1      | 1157 ||| READING scroll labelled XISSYM ZEARI.
  1158 | D:1      | 1158 ||| DROPPING scroll of blinking.
  1159 | D:1      | 1159 ||| READING scroll of teleportation.
  1216 | D:2      | Reached skill level 4 in Axes
  1375 | D:2      | 1375 ||| DROPPING +0 club.
  1913 | D:2      | Noticed Natasha
  1922 | D:2      | Killed Natasha
  1923 | D:2      | Reached XP level 4. HP: 7/26 MP: 8/8
  2152 | D:2      | Found a faded altar of an unknown god.
  2205 | D:2      | 2205 ||| READING 2 scrolls labelled VEUPRO POMUCO.
  2206 | D:2      | 2206 ||| READING scroll labelled QOURHO SIAFI.
  2207 | D:2      | 2207 ||| READING scroll labelled CIBROPL SOPPY.
  2224 | D:2      | Noticed Natasha
  2232 | D:2      | Killed Natasha
  2233 | D:2      | Reached skill level 5 in Axes
  2261 | D:2      | Noticed Natasha
  2314 | D:2      | HP: 3/26 [Natasha (4)]
  2315 | D:2      | HP: 1/26 [Natasha (2)]
  2318 | D:2      | Killed from afar by Natasha

Levels and vault maps discovered:
D:1:      dpeg_arrival_round_a, layout_loops_cross
D:2:      layout_basic, chequers_ecumenical_altar_grove, uniq_natasha

Skill      XL: |  1  2  3  4 |
---------------+-------------+-----
Axes           | 3 4 5 |  5.2
Fighting       | |  2.0
Throwing       | |  1.0
Armour         | |  1.1
Dodging        | |  2.1
Spellcasting   | |  2.0
Translocations | |  2.4

Action                   |  1- 3 |  4- 6 || total
-------------------------+-------+-------++-------
Melee: Hand axe          |    91 |    13 ||   104
       Peck              |     7 |     3 ||    10
       Kick              |    25 |     1 ||    26
Throw: Boomerang         |     7 |       ||     7
  Use: Scroll            |     6 |     3 ||     9
Armor: Leather armour    |     8 |       ||     8
       Scale mail        |     8 |     1 ||     9
Dodge: Dodged            |    39 |     3 ||    42

Table legend:
 A = Non-vault XP
 B = Vault XP
 C = Vault XP percentage of total XP
 D = Non-vault monster count
 E = Vault monster count
 F = Vault count percentage of total count
                 A         B        C        D         E       F
            +---------+---------+-------+---------+---------+-------
      Total |     103 |      36 |  25.9 |      35 |       1 |   2.8
            +---------+---------+-------+---------+---------+-------
        D:1 |      41 |       0 |   0.0 |      24 |       0 |   0.0
        D:2 |      62 |      36 |  36.7 |      11 |       1 |   8.3
            +---------+---------+-------+---------+---------+-------
